 Dungeon Crawl Stone Soup version 0.30.1-11-g7821555f0a (webtiles) character file.

Game seed: 14317330669448394745

21 Peloso the Covered (level 2, 0/27 HPs)
             Began as a Minotaur Fighter on Jan 10, 2024.
             Slain by a jackal (1 damage)
             ... on level 1 of the Dungeon.
             The game lasted 00:01:01 (273 turns).

Peloso the Covered (Minotaur Fighter)                Turns: 273, Time: 00:01:01

Health: 0/27       AC:  7    Str: 20    XL:     2   Next: 62%
Magic:  1/1        EV:  9    Int:  5    God:
Gold:   24         SH:  4    Dex:  9    Spells: 1/1 levels left

rFire   . . .        a - +0 long sword
rCold   . . .        c - +0 buckler
rNeg    . . .        b - +0 scale mail
rPois   .            (helmet restricted)
rElec   .            (no cloak)
rCorr   .            (no gloves)
SInv    .            (no boots)
Will    .....        (no amulet) Stlth
                     (no ring)
HPRegen 0.24/turn    (no ring)
MPRegen 0.07/turn

%: no passive effects
@: no status effects
A: horns 2, retaliatory headbutt
a: no special abilities


You were on level 1 of the Dungeon.
You visited 1 branch of the dungeon, and saw 1 of its levels.

You collected 24 gold pieces.

Inventory:

Hand Weapons
 a - a +0 long sword (weapon)
Armour
 b - a +0 scale mail (worn)
 c - a +0 buckler (worn)
Scrolls
 e - a scroll of poison {unknown}
 f - a scroll of vulnerability {unknown}
Potions
 d - a potion of might
 g - a potion of lignification {unknown}


   Skills:
 + Level 3.9 Fighting
 + Level 2.6 Long Blades
 + Level 4.2 Armour
 + Level 3.8 Shields


You had one spell level left.
You didn't know any spells.
Your spell library was empty.

Dungeon Overview and Level Annotations

Branches:
Dungeon (1/15)

Altars:


Innate Abilities, Weirdness & Mutations

You have a pair of horns on your head.
You reflexively headbutt those who attack you in melee.


Message History

The jackal is almost dead.
The jackal bites you but does no damage. x3
The kobold barely misses you. You furiously retaliate!
You headbutt the kobold!
You kill the kobold!
The jackal barely misses you.
The jackal bites you but does no damage.
The jackal completely misses you.
The jackal bites you but does no damage. x2
The jackal bites you. x2
Unknown command.
You closely miss the jackal.
The jackal is almost dead.
The jackal bites you. x2
The jackal bites you but does no damage.
You block the jackal's attack. The jackal bites you. x2
The jackal bites you but does no damage.
The jackal bites you.
* * * LOW HITPOINT WARNING * * *
The jackal bites you but does no damage.
You barely miss the jackal.
The jackal is almost dead.
You block the jackal's attack.
The jackal bites you but does no damage.
The jackal closely misses you. You furiously retaliate!
You headbutt the jackal. The jackal barely misses you. The jackal misses you.
You furiously retaliate!
You headbutt the jackal!
You kill the jackal!
You block the jackal's attack. The jackal bites you.
* * * LOW HITPOINT WARNING * * *
You hit the jackal.
You kill the jackal!
You block the jackal's attack. The jackal barely misses you.
You furiously retaliate!
You headbutt the jackal!
You kill the jackal!
The jackal bites you but does no damage.
The jackal bites you.
* * * LOW HITPOINT WARNING * * *
The jackal bites you but does no damage.
The jackal attacks as you move away! The jackal bites you.
You die...

..................# #....
.########.#.......###.###
##..............###
#..................
#..........##..####
####.#.#.##..## ......
.............# ..####
##.##.#.##...#...## #
#.h@†............. #
#.h†).........#.## #
#......##.....#
........$.##.....#
#.........$........
#................###
#.................
#................##
............#...


You could see 2 jackals.

Vanquished Creatures
  2 ball pythons (D:1)
  2 goblins (D:1)
  A hobgoblin (D:1)
  4 jackals (D:1)
  4 kobolds (D:1)
  A quokka (D:1)
  3 bats (D:1)
  A frilled lizard (D:1)
  A rat (D:1)
19 creatures vanquished.

Notes
Turn   | Place    | Note
-------+----------+-------------------------------------------
     0 | D:1      | Peloso the Minotaur Fighter began the quest for the Orb.
     0 | D:1      | Reached XP level 1. HP: 19/19 MP: 0/0
   158 | D:1      | Reached skill level 4 in Armour
   158 | D:1      | Reached XP level 2. HP: 17/27 MP: 1/1
   272 | D:1      | HP: 1/27 [jackal (3)]
   273 | D:1      | Slain by a jackal

Illustrated notes

Levels and vault maps discovered:
D:1:      lightli_molten_gateway, layout_loops_ring

Skill      XL: |  1 |
---------------+----+-----
Armour         | 4 |  4.2
Fighting       | |  3.9
Long Blades    | |  2.6
Shields        | |  3.8

Action                     || total
---------------------------++-------
  Melee: Long sword        ||    43
         Headbutt          ||     1
 Armour: Scale mail        ||    67
  Dodge: Dodged            ||    45
  Block: Buckler           ||    13
